[Event "November 21 Early 2023"]
[Site "https://www.chess.com"]
[Date "2023.11.21"]
[Round "6"]
[White "Souleidis, Georgios"]
[Black "Mazurkiewicz, Michal"]
[Result "0-1"]
[Board "85"]
[TimeControl "180+1"]
[WhiteFideId "4206827"]
[BlackFideId "1124943"]
[WhiteElo "2401"]
[BlackElo "2124"]
[WhiteTeam "GRE"]
[BlackTeam "POL"]
[WhiteClock "0:00:09"]
[BlackClock "0:00:05"]

1. e4 d6 2. d4 Nf6 3. Nc3 c6 4. Nf3 Bg4 5. Be2 e6 6. O-O d5 7. e5 Nfd7 8. Ne1 Bxe2 9. Nxe2 c5 10. c3 Nc6 11. Be3 Qb6 12. Qd2 Be7 13. f4 cxd4 14. Nxd4 Nxd4 15. cxd4 g6 16. Nd3 O-O 17. g4 Qb5 18. f5 Nb6 19. b3 a5 20. f6 Ba3 21. Rab1 Rfc8 22. Nc5 Bxc5 23. dxc5 Nd7 24. Bd4 Kh8 25. Qh6 Rg8 26. Rf3 Nf8 27. Rc1 a4 28. Qd2 g5 29. b4 a3 30. Be3 Ra4 31. Rb1 Qc4 32. Rg3 h6 33. Rb3 Ng6 34. Qd4 Qxd4 35. Bxd4 Nf4 36. h3 Ne2+ 37. Kf2 Nxd4 38. Rb1 Nc6 39. Rgb3 Nxe5 40. b5 Rc8 41. c6 bxc6 42. b6 Rb8 43. b7 Ra7 44. Rb6 Kh7 45. Ke3 Kg6 46. Kd4 Nd7 47. Rxc6 Raxb7 48. Rxb7 Rxb7 49. Ra6 Nxf6 50. Rxa3 Rb4+ 51. Kc5 Rc4+ 52. Kd6 Ne4+ 53. Ke7 d4 54. Ra8 Rc7+ 55. Kd8 Rb7 56. Kc8 Nd6+ 57. Kd8 d3 58. Ra3 d2 59. Rd3 Ne4 60. Kc8 Rb1 61. a4 d1=Q 62. Rxd1 Rxd1 0-1

[Event "November 21 Early 2023"]
[Site "https://www.chess.com"]
[Date "2023.11.21"]
[Round "6"]
[White "Gutkin, Ilya"]
[Black "Weishaeutel, Moritz"]
[Result "0-1"]
[Board "86"]
[TimeControl "180+1"]
[WhiteFideId "16203470"]
[BlackFideId "12967300"]
[WhiteElo "2248"]
[BlackElo "2321"]
[WhiteTeam "GER"]
[BlackTeam "GER"]
[WhiteClock "0:00:01"]
[BlackClock "0:00:15"]

1. e4 e5 2. Nf3 Nf6 3. Nc3 Nc6 4. Bb5 Bb4 5. O-O O-O 6. Nd5 Nxd5 7. exd5 Ne7 8. Nxe5 Nxd5 9. Bc4 Nf6 10. c3 d5 11. cxb4 dxc4 12. Nxc4 Bf5 13. d4 Nd5 14. Ne3 Be6 15. Nxd5 Qxd5 16. Bf4 c6 17. Re1 Rad8 18. Be3 Rfe8 19. a3 h6 20. Rc1 b6 21. Qc2 Rc8 22. Qc3 Qd7 23. Bf4 Bd5 24. Qg3 Kh8 25. Be5 f6 26. Bf4 Qf5 27. h3 Re4 28. Be3 Rce8 29. b5 cxb5 30. Rc7 R4e7 31. Rec1 Qe4 32. Kh2 f5 33. R1c3 Bc4 34. Rxe7 Rxe7 35. f3 Qb1 36. b3 Qb2 37. Qe1 Bxb3 38. Rc8+ Kh7 39. Qg1 Bd5 40. Bf4 Re2 41. Be5 Bxf3 42. Qc1 Rxg2+ 43. Kh1 Rh2+ 0-1

[Event "November 21 Early 2023"]
[Site "https://www.chess.com"]
[Date "2023.11.21"]
[Round "6"]
[White "Belov, Alexei"]
[Black "Osinovsky, Stepan"]
[Result "1-0"]
[Board "87"]
[TimeControl "180+1"]
[WhiteFideId "4128206"]
[BlackFideId "4157354"]
[WhiteElo "2626"]
[BlackElo "2222"]
[WhiteTeam "RUS"]
[BlackTeam "RUS"]
[WhiteClock "0:00:22"]
[BlackClock "0:00:00"]

1. e4 e5 2. Nf3 Nc6 3. Bb5 a6 4. Ba4 Nf6 5. d4 exd4 6. O-O Be7 7. e5 Ne4 8. Nxd4 O-O 9. Nf5 Nxe5 10. Qd5 Bf6 11. Qxe4 d5 12. Qf4 g5 13. Nh6+ Kg7 14. Qg3 Kxh6 15. f4 Ng6 16. fxg5+ Bxg5 17. Nc3 c6 18. Ne2 Bxc1 19. Raxc1 Qh4 20. Qe3+ Kg7 21. c4 Bg4 22. cxd5 Bxe2 23. Qxe2 Qxa4 24. Rc4 Qxa2 25. dxc6 bxc6 26. Qc2 Rab8 27. Qc3+ Kg8 28. b4 Rbe8 29. h4 Re2 30. Rg4 Qd5 31. Rg5 Qd8 32. Rff5 Rfe8 33. h5 Re1+ 34. Kh2 Qd6+ 35. Rg3 1-0

[Event "November 21 Early 2023"]
[Site "https://www.chess.com"]
[Date "2023.11.21"]
[Round "6"]
[White "Aaditya Dhingra"]
[Black "LangesNasenhaar"]
[Result "1-0"]
[Board "88"]
[TimeControl "180+1"]
[WhiteFideId "25678191"]
[WhiteElo "2269"]
[BlackElo "2441"]
[WhiteTeam "IND"]
[WhiteClock "0:01:11"]
[BlackClock "0:00:54"]

1. g3 d5 2. Bg2 e6 3. Nf3 Nf6 4. O-O c5 5. c4 Nc6 6. cxd5 exd5 7. d4 Be7 8. dxc5 Bxc5 9. a3 Ne4 10. b4 Be7 11. Bb2 Bf6 12. Bxf6 Qxf6 13. Qxd5 Qxa1 14. Qxe4+ Be6 15. b5 Na5 16. Qb4 Nb3 17. Ng5 Qf6 18. Nxe6 Qxe6 19. Bxb7 a5 20. bxa6 Rd8 21. Nc3 Nd4 22. a7 1-0

[Event "November 21 Early 2023"]
[Site "https://www.chess.com"]
[Date "2023.11.21"]
[Round "6"]
[White "Miszler, Levente"]
[Black "Golubev, Mikhail"]
[Result "1/2-1/2"]
[Board "89"]
[TimeControl "180+1"]
[WhiteFideId "763276"]
[BlackFideId "14100983"]
[WhiteElo "2186"]
[BlackElo "2352"]
[WhiteTeam "HUN"]
[BlackTeam "UKR"]
[WhiteClock "0:00:05"]
[BlackClock "0:00:05"]

1. d4 Nf6 2. Nf3 d6 3. Bg5 Nbd7 4. c4 Ne4 5. Bh4 c5 6. Nbd2 Qa5 7. a3 g5 8. dxc5 Nxd2 9. b4 Nxf3+ 10. exf3 Qd8 11. Bxg5 dxc5 12. Qa4 Qc7 13. Rd1 Qe5+ 14. Be3 Bh6 15. Qb3 Bxe3 16. fxe3 O-O 17. Kf2 Nf6 18. Bd3 Bf5 19. e4 Be6 20. g3 Rad8 21. Be2 Rd4 22. Qe3 Rfd8 23. Rdg1 Rd2 24. g4 Qd4 25. g5 Qxe3+ 26. Kxe3 Ne8 27. h4 Ra2 28. bxc5 Rxa3+ 29. Kf4 Ra5 30. h5 Ng7 31. g6 hxg6 32. hxg6 fxg6 33. Rxg6 Rf8+ 34. Ke3 Kf7 35. Rhg1 Ne8 36. f4 Nf6 37. f5 Bd7 38. e5 Rxc5 39. exf6 exf6 40. Rg7+ Ke8 41. Bh5+ Kd8 42. Rd1 Re5+ 43. Kf4 Re7 44. Rg2 Kc7 45. Rb2 Bc6 46. Rd4 a5 47. Bf3 a4 48. Bxc6 Kxc6 49. Rb4 Ra8 50. Rd2 Re5 51. Ra2 a3 52. Rb3 Rea5 53. Ke4 Ra4 54. Kd3 b6 55. Kc3 R8a5 56. Rb4 Rxb4 57. Kxb4 Rxf5 58. Rxa3 Re5 59. Ra8 f5 60. Rf8 Rc5 61. Rf6+ Kc7 62. Kb3 Re5 63. Kb4 Kd7 64. Rxb6 Ke7 65. c5 f4 66. Rb7+ Kd8 67. Kb5 f3 68. Rf7 Re3 69. c6 Rb3+ 70. Kc5 Rc3+ 71. Kd6 Rd3+ 72. Ke6 Re3+ 73. Kd6 Rd3+ 74. Ke6 Re3+ 75. Kd5 Rd3+ 76. Ke4 Rc3 77. Rxf3 Rxf3 78. Kxf3 Kc7 79. Ke4 Kxc6 1/2-1/2

[Event "November 21 Early 2023"]
[Site "https://www.chess.com"]
[Date "2023.11.21"]
[Round "6"]
[White "ploxoi"]
[Black "Pastar, Slaven"]
[Result "1/2-1/2"]
[Board "90"]
[TimeControl "180+1"]
[BlackFideId "14402718"]
[WhiteElo "2431"]
[BlackElo "2230"]
[BlackTeam "BIH"]
[WhiteClock "0:01:22"]
[BlackClock "0:00:13"]

1. d4 b6 2. c4 Bb7 3. Nc3 Nf6 4. f3 d5 5. cxd5 Nxd5 6. e4 Nxc3 7. bxc3 g6 8. Be3 Bg7 9. Bc4 O-O 10. Ne2 c5 11. O-O Nc6 12. Qd2 Rc8 13. Rac1 cxd4 14. cxd4 Na5 15. Bd3 Qd7 16. Qb4 Rfd8 17. Bb5 Bc6 18. Ba6 Bb7 19. Bb5 Bc6 20. Ba6 Bb7 21. Bxb7 Nxb7 22. a4 e6 23. Rfd1 Rxc1 24. Rxc1 Rc8 25. Rxc8+ Qxc8 26. Qc3 Qd7 27. Qc2 Bf8 28. Nc3 Nd6 29. Qb3 Qc6 30. d5 Qc4 31. Qxc4 Nxc4 32. Bd4 Bg7 33. Bxg7 Kxg7 34. dxe6 fxe6 35. Kf2 Kf6 36. Ke2 Ke5 37. Kd3 Nb2+ 38. Kc2 Nc4 39. Kd3 Nb2+ 40. Kc2 Nc4 41. Kd3 1/2-1/2

[Event "November 21 Early 2023"]
[Site "https://www.chess.com"]
[Date "2023.11.21"]
[Round "6"]
[White "Sliwicki, Damian"]
[Black "Gontcharov, Vladislav"]
[Result "0-1"]
[Board "91"]
[TimeControl "180+1"]
[WhiteFideId "1127128"]
[BlackFideId "4123492"]
[WhiteElo "1992"]
[BlackElo "2420"]
[WhiteTeam "POL"]
[BlackTeam "RUS"]
[WhiteClock "0:00:00"]
[BlackClock "0:00:14"]

1. e4 e6 2. Nc3 d5 3. d4 Nc6 4. exd5 exd5 5. Nf3 Bb4 6. Bd3 Bg4 7. O-O Nge7 8. a3 Ba5 9. Be3 h6 10. Be2 Bxc3 11. bxc3 O-O 12. h3 Bh5 13. Nh4 Bxe2 14. Qxe2 Qd7 15. Qh5 Qe6 16. Rab1 b6 17. Rfe1 Qf6 18. c4 Rad8 19. c5 bxc5 20. dxc5 d4 21. Bd2 Rd5 22. Qg4 Rxc5 23. Re4 Rxc2 24. Bf4 d3 25. Rd1 Rd8 26. Qg3 d2 27. Kh2 Rc3 28. f3 Rcd3 29. Bxc7 R8d7 30. Bf4 Nf5 31. Re8+ Kh7 32. Nxf5 Qxf5 33. Re2 g5 34. Bxd2 Nd4 35. Re5 Qg6 36. Re8 Nf5 37. Qe5 Ng7 38. Re7 R7d5 0-1

[Event "November 21 Early 2023"]
[Site "https://www.chess.com"]
[Date "2023.11.21"]
[Round "6"]
[White "Mohammed, Zozek Salah Mohammed"]
[Black "Maltsevskaya, Aleksandra"]
[Result "0-1"]
[Board "92"]
[TimeControl "180+1"]
[WhiteFideId "4803361"]
[BlackFideId "24174041"]
[WhiteElo "2211"]
[BlackElo "2296"]
[WhiteTeam "IRQ"]
[BlackTeam "POL"]
[WhiteClock "0:00:06"]
[BlackClock "0:00:04"]

1. d4 Nf6 2. Nf3 g6 3. g3 Bg7 4. Bg2 O-O 5. O-O d6 6. c4 Nbd7 7. b3 e5 8. dxe5 Ng4 9. Bb2 Ngxe5 10. Qc1 a5 11. Nc3 a4 12. Nxa4 Re8 13. Nc3 Nc5 14. Nxe5 Bxe5 15. Nd5 c6 16. Bxe5 dxe5 17. Nc3 Bf5 18. Rd1 Qa5 19. Qb2 Qa3 20. Qxa3 Rxa3 21. Rac1 Rea8 22. Rd2 Na6 23. Rcd1 Nb4 24. Rd8+ Kg7 25. Rxa8 Rxa8 26. Rd2 Ra3 27. h3 Be6 28. Kf1 f5 29. e4 f4 30. g4 Bxc4+ 31. Kg1 Be6 32. Bf1 h5 33. gxh5 gxh5 34. f3 c5 35. Rd6 Kf7 36. Rb6 Nxa2 37. Nxa2 Rxa2 38. Rxb7+ Kf6 39. Rb6 Ke7 40. b4 Ra1 41. Kg2 c4 42. Rc6 Ra2+ 43. Kg1 Rb2 44. Bxc4 Bxh3 45. b5 Bd7 46. Rh6 h4 47. Rxh4 Kd6 48. Rh6+ Kc5 49. Bf1 Rb1 50. Kg2 Rb2+ 51. Kg1 Bxb5 52. Bxb5 Rxb5 53. Kg2 Kd4 54. Ra6 Rb2+ 55. Kh3 Ke3 56. Ra3+ Kf2 57. Kg4 Re2 58. Kf5 Re3 59. Ra2+ Kxf3 60. Ra4 Kg3 61. Kxe5 f3 62. Ra2 f2 63. Rxf2 Kxf2 64. Kf5 Rf3+ 65. Kg6 Ke3 66. e5 Kd4 67. e6 Re3 68. Kf7 Rf3+ 69. Kg8 Re3 70. e7 Rxe7 71. Kf8 Ra7 72. Ke8 Kd5 73. Kf8 Ke6 74. Kg8 Kf6 75. Kf8 Ra8# 0-1

[Event "November 21 Early 2023"]
[Site "https://www.chess.com"]
[Date "2023.11.21"]
[Round "6"]
[White "Tarasova, Viktoriya"]
[Black "Vlassov, Nikolai"]
[Result "0-1"]
[Board "93"]
[TimeControl "180+1"]
[WhiteFideId "4175840"]
[BlackFideId "4103360"]
[WhiteElo "2182"]
[BlackElo "2324"]
[WhiteTeam "RUS"]
[BlackTeam "FID"]
[WhiteClock "0:00:00"]
[BlackClock "0:00:08"]

1. d4 Nf6 2. c4 Nc6 3. d5 Ne5 4. Qc2 e6 5. e4 Bc5 6. h3 O-O 7. Nc3 exd5 8. cxd5 c6 9. Bg5 h6 10. Bh4 Ng6 11. Bg3 cxd5 12. exd5 Re8+ 13. Nge2 Nh5 14. O-O-O d6 15. Kb1 Qf6 16. Nc1 Nxg3 17. fxg3 Bb4 18. Nb5 Bf5 19. Bd3 Rac8 20. Qb3 Bc5 21. Rhf1 Bxd3+ 22. Nxd3 Qe7 23. Rde1 Qd7 24. Rxe8+ Rxe8 25. Nxc5 dxc5 26. Nxa7 Re2 27. Qc4 Rxg2 28. Qxc5 Qxh3 29. Qc8+ Qxc8 30. Nxc8 Rxg3 31. Rd1 Ne5 32. Nb6 h5 33. d6 h4 34. d7 Nxd7 35. Nxd7 h3 36. Rh1 f5 37. Nc5 b5 38. a4 bxa4 39. Nxa4 g5 40. Nc5 g4 41. b4 Re3 42. Kb2 g3 43. Rxh3 g2 44. Rxe3 g1=Q 45. Re2 Kf7 0-1

[Event "November 21 Early 2023"]
[Site "https://www.chess.com"]
[Date "2023.11.21"]
[Round "6"]
[White "Vestby-Ellingsen, Mads"]
[Black "Palacio,Igor Da Paz"]
[Result "1-0"]
[Board "94"]
[TimeControl "180+1"]
[WhiteFideId "1520857"]
[BlackFideId "2121140"]
[WhiteElo "2241"]
[BlackElo "2126"]
[WhiteTeam "NOR"]
[BlackTeam "BRA"]
[WhiteClock "0:00:08"]
[BlackClock "0:00:00"]

1. Nf3 Nf6 2. b3 d6 3. Bb2 Nbd7 4. d4 g6 5. e3 Bg7 6. Be2 O-O 7. O-O b6 8. c4 c5 9. Nc3 Rb8 10. Qd2 a6 11. Rad1 Qc7 12. Rfe1 Re8 13. d5 Rf8 14. e4 Ne8 15. a4 Ne5 16. h3 Nxf3+ 17. Bxf3 Nf6 18. e5 dxe5 19. Nb5 axb5 20. Bxe5 Qa7 21. axb5 Bf5 22. g4 Rbd8 23. gxf5 gxf5 24. Qg5 Kh8 25. Qxf5 Rg8 26. Kh1 Qa2 27. Be4 Nxe4 28. Rxe4 Qxb3 29. Rde1 Qd3 30. Bxg7+ Rxg7 31. Re5 Qxc4 32. Rxe7 Qxd5+ 33. Qxd5 Rxd5 34. Rb7 Rd6 35. Re8+ Rg8 36. Ree7 Rf8 37. Kg2 Kg7 38. Rec7 Rg6+ 39. Kf3 Rf6+ 40. Ke4 Re8+ 41. Kd5 Ree6 42. Rc6 Rf5+ 43. Kc4 Re4+ 44. Kd3 Rd4+ 45. Ke3 Re5+ 46. Kf3 Rf5+ 47. Kg3 Rg5+ 48. Kf3 Rf5+ 49. Ke2 Re5+ 50. Kf1 Rd1+ 51. Kg2 Rg5+ 52. Kf3 Rf5+ 53. Ke3 Re5+ 54. Kf4 Re6 55. Rxe6 Rd4+ 56. Re4 1-0

[Event "November 21 Early 2023"]
[Site "https://www.chess.com"]
[Date "2023.11.21"]
[Round "6"]
[White "komogro"]
[Black "Predator0608"]
[Result "0-1"]
[Board "95"]
[TimeControl "180+1"]
[WhiteElo "2349"]
[BlackElo "2594"]
[WhiteClock "0:00:00"]
[BlackClock "0:00:10"]

1. d4 d5 2. c4 e6 3. Nf3 Nf6 4. Nc3 Be7 5. Bg5 O-O 6. e3 h6 7. Bh4 b6 8. g4 Nxg4 9. Bxe7 Qxe7 10. cxd5 Bb7 11. Rg1 Nf6 12. dxe6 Qxe6 13. Ne5 Nbd7 14. Bc4 Qf5 15. Qb3 Nxe5 16. dxe5 Qxe5 17. O-O-O a5 18. Rg3 a4 19. Qc2 Nh5 20. f4 Qc5 21. Rh3 Qxc4 22. Rxh5 Bf3 23. Rxh6 gxh6 24. Rg1+ Kh8 25. Qf2 Qc6 26. e4 Bxe4 27. Qd4+ f6 28. f5 Bxf5 29. Qf4 Bh7 30. Qxh6 Rg8 31. Re1 a3 32. Re7 Rg1+ 33. Kd2 Qg2+ 34. Ke3 Re1+ 35. Kd4 Rxe7 0-1

[Event "November 21 Early 2023"]
[Site "https://www.chess.com"]
[Date "2023.11.21"]
[Round "6"]
[White "gueraumasague"]
[Black "Skibbe, Willi"]
[Result "1-0"]
[Board "96"]
[TimeControl "180+1"]
[BlackFideId "4682190"]
[WhiteElo "2591"]
[BlackElo "2278"]
[BlackTeam "GER"]
[WhiteClock "0:00:15"]
[BlackClock "0:00:25"]

1. e4 e6 2. Nf3 d5 3. d3 dxe4 4. dxe4 Qxd1+ 5. Kxd1 Nc6 6. Bf4 Bd6 7. Bxd6 cxd6 8. Nc3 a6 9. Bd3 Bd7 10. Ke2 Nf6 11. Rhd1 Ke7 12. Na4 Nb4 13. Nb6 Rad8 14. a3 Nxd3 15. cxd3 Bc6 16. Rdc1 Nd7 17. Nc4 Rc8 18. Rc3 Bb5 19. Rac1 Bxc4 20. Rxc4 Nb6 21. Rc7+ Kd8 22. Rxc8+ Nxc8 23. Ng5 Rf8 24. Nxh7 Re8 25. Ng5 f6 26. Nf3 Kd7 27. h4 Ne7 28. h5 f5 29. Nd4 Rh8 30. exf5 exf5 31. Rh1 Rh6 32. Rh3 d5 33. Kf3 Rb6 34. b4 Rh6 35. Kf4 Rh8 36. Nxf5 Nxf5 37. Kxf5 Rf8+ 38. Kg6 Rxf2 39. g4 Rg2 40. Rh4 Rg3 41. Kxg7 Rxd3 42. h6 Re3 43. h7 Re7+ 44. Kg6 Re6+ 45. Kf5 1-0

[Event "November 21 Early 2023"]
[Site "https://www.chess.com"]
[Date "2023.11.21"]
[Round "6"]
[White "Mirzanurov, Bulat"]
[Black "Csonka, Balazs"]
[Result "0-1"]
[Board "97"]
[TimeControl "180+1"]
[WhiteFideId "4184521"]
[BlackFideId "742910"]
[WhiteElo "2005"]
[BlackElo "2399"]
[WhiteTeam "RUS"]
[BlackTeam "HUN"]
[WhiteClock "0:00:05"]
[BlackClock "0:00:46"]

1. e4 e5 2. Nf3 Nc6 3. Bb5 a6 4. Ba4 Nf6 5. O-O Be7 6. Re1 b5 7. Bb3 O-O 8. h3 d6 9. c3 Nb8 10. d4 Nbd7 11. Nbd2 Bb7 12. Bc2 Re8 13. Nf1 Bf8 14. Ng3 g6 15. h4 Bg7 16. h5 d5 17. hxg6 hxg6 18. dxe5 Nxe4 19. Nxe4 dxe4 20. Bxe4 Bxe4 21. Rxe4 Nxe5 22. Qxd8 Raxd8 23. Bf4 Nd3 24. Rxe8+ Rxe8 25. Bxc7 Nxb2 26. Bf4 b4 27. Re1 Rxe1+ 28. Nxe1 Bxc3 29. Nc2 a5 30. Bc7 Nc4 31. Kf1 a4 32. Ke2 b3 33. axb3 axb3 0-1

[Event "November 21 Early 2023"]
[Site "https://www.chess.com"]
[Date "2023.11.21"]
[Round "6"]
[White "Ferreira, Vitor Hugo Vieira"]
[Black "Jakubowski, Krzysztof"]
[Result "1-0"]
[Board "98"]
[TimeControl "180+1"]
[WhiteFideId "2119765"]
[BlackFideId "1112848"]
[WhiteElo "2123"]
[BlackElo "2369"]
[WhiteTeam "BRA"]
[BlackTeam "POL"]
[WhiteClock "0:01:20"]
[BlackClock "0:00:24"]

1. d4 Nf6 2. c4 e6 3. Nf3 c5 4. d5 exd5 5. cxd5 d6 6. Nc3 g6 7. e4 Bg7 8. Be2 O-O 9. Nd2 a6 10. a4 Re8 11. O-O Nbd7 12. Qc2 Nh5 13. Bxh5 gxh5 14. Nc4 Ne5 15. Nxe5 Bxe5 16. f4 Bd4+ 17. Kh1 h4 18. h3 Kh8 19. Bd2 Rg8 20. Ne2 Bf6 21. Bc3 Bd7 22. Bxf6+ Qxf6 23. Qc3 Qxc3 24. Nxc3 Rg3 25. Rf2 Rag8 26. Re1 f6 27. e5 fxe5 28. fxe5 dxe5 29. Rxe5 b5 30. axb5 axb5 31. Ne4 Re3 32. Nd6 Rxe5 33. Nf7+ Kg7 34. Nxe5 Be8 35. d6 Bh5 36. d7 Rd8 37. Rd2 Be8 38. dxe8=Q Rxe8 39. Nf3 c4 40. Nxh4 Kf6 41. Nf3 Re3 42. Nd4 b4 43. Nc6 c3 44. bxc3 bxc3 45. Rc2 Kf5 46. Nd4+ Ke4 47. Nb5 Re1+ 48. Kh2 h5 49. Rxc3 Rb1 50. Nd6+ Kf4 51. Rf3+ Kg5 52. Ne4+ Kg6 53. h4 Kg7 54. Rf5 Kg6 55. Ng3 Rb4 56. Rg5+ Kf6 57. Rxh5 Kg6 58. Rg5+ Kf6 59. Kh3 Rb2 60. Rg4 Rb1 61. Ne4+ Kf5 62. Nf2 Ke6 63. Rf4 Rb5 64. g4 Rb3+ 65. Kg2 Rb1 66. g5 Ke5 67. Rf3 Rb4 68. Kg3 Rb6 69. h5 Rb8 70. Kg4 Rg8 71. g6 Ke6 72. Kg5 Ke5 73. Ng4+ Ke6 74. Re3+ Kd5 75. h6 Ra8 76. g7 Kd4 77. Re7 1-0

[Event "November 21 Early 2023"]
[Site "https://www.chess.com"]
[Date "2023.11.21"]
[Round "6"]
[White "Silva Lucena, Cristian"]
[Black "MKlose11"]
[Result "0-1"]
[Board "99"]
[TimeControl "180+1"]
[WhiteFideId "2232588"]
[WhiteElo "2248"]
[BlackElo "2654"]
[WhiteTeam "ESP"]
[WhiteClock "0:00:00"]
[BlackClock "0:00:04"]

1. e4 Nf6 2. e5 Ng8 3. Nf3 d6 4. d4 Bg4 5. Bc4 e6 6. h3 Bh5 7. exd6 Bxd6 8. Nbd2 Nf6 9. O-O O-O 10. c3 c5 11. Be2 Nc6 12. dxc5 Bxc5 13. Nb3 Bb6 14. Qxd8 Rfxd8 15. Bg5 h6 16. Bxf6 gxf6 17. Rfd1 a5 18. a4 Bg6 19. Rxd8+ Rxd8 20. Bb5 Ne5 21. Nbd2 Nd3 22. Bxd3 Bxd3 23. b4 Kf8 24. Ra2 Rd7 25. Rb2 e5 26. Nb3 axb4 27. cxb4 e4 28. Nh4 e3 29. fxe3 Bxe3+ 30. Kh2 Bc4 31. Nc5 Rc7 32. Nf5 Bf4+ 33. g3 Be5 34. Rc2 Bd3 35. Rf2 Bb1 36. Nxh6 b6 37. Na6 Rc3 38. Nf5 Ra3 39. a5 bxa5 40. b5 Rb3 41. Nc5 Rxb5 42. Nd7+ Kg8 43. Nh6+ Kg7 44. Nf5+ Bxf5 45. Rxf5 Bxg3+ 46. Kxg3 Rxf5 0-1

[Event "November 21 Early 2023"]
[Site "https://www.chess.com"]
[Date "2023.11.21"]
[Round "6"]
[White "Spata, German"]
[Black "Grossboss19"]
[Result "0-1"]
[Board "100"]
[TimeControl "180+1"]
[WhiteFideId "113026"]
[WhiteElo "2260"]
[BlackElo "2503"]
[WhiteTeam "ARG"]
[WhiteClock "0:00:00"]
[BlackClock "0:00:06"]

1. e4 c6 2. d3 d5 3. Nd2 g6 4. g3 Bg7 5. Bg2 e5 6. Ngf3 Ne7 7. O-O O-O 8. Re1 Re8 9. exd5 Nxd5 10. Nc4 Qc7 11. c3 Nd7 12. d4 e4 13. Ng5 f5 14. f3 h6 15. fxe4 N5b6 16. Qb3 Kh8 17. Ne6 Rxe6 18. Nxb6 Nxb6 19. Bf4 Qe7 20. e5 Qe8 21. h4 Re7 22. c4 Be6 23. d5 cxd5 24. cxd5 Bg8 25. e6 Rd8 26. Rad1 Qa4 27. Qe3 Nc4 28. Qc5 Rxe6 29. b3 Rxe1+ 30. Rxe1 Qa5 31. Qe7 Nd6 32. Bxd6 Rxd6 33. Qxd6 Qxe1+ 34. Kh2 Bd4 35. Qxg6 Bg7 36. Qxf5 Qe5 37. Qf3 Qd6 38. Qe4 Be5 39. Kh3 Bf7 40. Qg4 Qg6 41. Qxg6 Bxg6 42. g4 Kg7 43. Bf3 Kf6 44. Kg2 Bb1 45. a4 Bc2 46. d6 Bxd6 47. Bxb7 Bxb3 48. Bc6 a5 49. Kf3 Bd1+ 50. Ke3 Bxg4 51. Kd4 Bb4 52. Kc4 Be1 0-1

[Event "November 21 Early 2023"]
[Site "https://www.chess.com"]
[Date "2023.11.21"]
[Round "6"]
[White "Goryachkina, Aleksandra"]
[Black "UNSTOPPABLE_LEGEND"]
[Result "1-0"]
[Board "101"]
[TimeControl "180+1"]
[WhiteFideId "4147103"]
[WhiteElo "2475"]
[BlackElo "2500"]
[WhiteTeam "FID"]
[WhiteClock "0:00:08"]
[BlackClock "0:00:00"]

1. e4 Nc6 2. d4 e5 3. Nf3 exd4 4. Nxd4 Nf6 5. Nxc6 bxc6 6. Nc3 d5 7. exd5 cxd5 8. Bb5+ Bd7 9. O-O Be7 10. Re1 c6 11. Bd3 O-O 12. Bg5 h6 13. Bh4 Rb8 14. Rb1 Rb4 15. Bg3 Re8 16. h3 Bf8 17. a3 Rb7 18. Bh4 Rxe1+ 19. Qxe1 Bd6 20. Qe2 a5 21. Qf3 Be6 22. Ne2 Bxa3 23. Nd4 Bxb2 24. Nxc6 Qd6 25. Nxa5 Rb8 26. Nb3 Bc3 27. Rd1 Be5 28. Re1 g5 29. Bg3 Bxg3 30. fxg3 Kg7 31. Rf1 Nd7 32. Kh1 Qe5 33. Qf2 Qc3 34. Nd4 Qc7 35. Nxe6+ 1-0

[Event "November 21 Early 2023"]
[Site "https://www.chess.com"]
[Date "2023.11.21"]
[Round "6"]
[White "Kanyamarala, Trisha"]
[Black "Tasev, Dejan"]
[Result "1/2-1/2"]
[Board "102"]
[TimeControl "180+1"]
[WhiteFideId "45004722"]
[BlackFideId "936618"]
[WhiteElo "2078"]
[BlackElo "2248"]
[WhiteTeam "IRL"]
[BlackTeam "SRB"]
[WhiteClock "0:00:17"]
[BlackClock "0:00:39"]

1. c4 Nf6 2. Nc3 g6 3. g3 Bg7 4. Bg2 O-O 5. Nf3 b6 6. d4 Bb7 7. d5 e6 8. O-O exd5 9. cxd5 d6 10. e4 Re8 11. Re1 a5 12. Bf4 Nbd7 13. a3 Ng4 14. Bg5 Bf6 15. Bxf6 Ngxf6 16. Rc1 Ba6 17. Qd4 Nc5 18. e5 dxe5 19. Nxe5 Nb3 20. Qf4 Nxc1 21. Rxc1 Qd6 22. Ne4 Qxe5 23. Nxf6+ Kg7 24. Nxe8+ Rxe8 25. Qxe5+ Rxe5 26. f4 Re7 27. Kf2 f5 28. Bf3 Kf6 29. b4 axb4 30. axb4 Bb5 31. Ra1 h6 32. Ra8 g5 33. Rf8+ Kg6 34. h3 Re8 35. Rxe8 Bxe8 36. Be2 Kf6 37. Ke3 Ke7 38. Kd4 Kd6 39. Bd3 Bd7 40. Bc2 Bc8 41. Bd3 Bb7 42. Bxf5 Bxd5 43. Bc8 c5+ 44. bxc5+ bxc5+ 45. Kd3 gxf4 46. gxf4 Bf7 47. h4 Bg6+ 48. f5 Bf7 49. Ke4 Bd5+ 50. Kf4 c4 51. Ba6 c3 52. Bd3 Bb3 53. f6 Ke6 54. f7 Kxf7 55. Ke3 c2 56. Kd2 Kf6 57. h5 Kg5 58. Bg6 Ba4 59. Bf7 Bc6 60. Kxc2 Bf3 61. Kd2 Bg4 62. Ke3 Bd7 63. Kf2 Kf6 64. Bg6 Kg5 65. Kg1 Be6 66. Kh2 Bg4 67. Kg1 Bd1 68. Kh2 Bxh5 69. Bxh5 Kxh5 70. Kg1 Kh4 71. Kh1 h5 72. Kg1 Kh3 73. Kh1 h4 74. Kg1 Kg3 75. Kh1 Kh3 76. Kg1 Kg3 77. Kh1 Kg4 78. Kh2 Kg5 79. Kh3 Kh5 80. Kh2 Kg5 81. Kg2 Kg4 82. Kh2 h3 83. Kh1 Kh4 84. Kg1 Kg3 85. Kh1 Kg4 86. Kh2 Kh4 87. Kh1 Kg4 88. Kg1 Kg3 89. Kh1 Kf3 90. Kh2 Kg4 91. Kh1 Kh4 92. Kg1 Kg3 1/2-1/2

[Event "November 21 Early 2023"]
[Site "https://www.chess.com"]
[Date "2023.11.21"]
[Round "6"]
[White "Shishkov, Andrei"]
[Black "Papasimakopoulos, Alexandros"]
[Result "1-0"]
[Board "103"]
[TimeControl "180+1"]
[WhiteFideId "4500563"]
[BlackFideId "4244125"]
[WhiteElo "2241"]
[BlackElo "2346"]
[WhiteTeam "EST"]
[BlackTeam "GRE"]
[WhiteClock "0:00:19"]
[BlackClock "0:01:09"]

1. d4 e6 2. c4 Nf6 3. Nc3 Bb4 4. Qc2 c5 5. dxc5 Bxc5 6. Nf3 Qb6 7. e3 Be7 8. b3 a6 9. Bb2 d6 10. Be2 Nbd7 11. g4 h6 12. Rg1 Qc7 13. h4 b6 14. g5 hxg5 15. hxg5 Nh5 16. g6 f5 17. Nd4 Ndf6 18. Bf3 Rb8 19. O-O-O Bd7 20. Nce2 Rh6 21. Rh1 Qc8 22. Nf4 Nxf4 23. Rxh6 gxh6 24. exf4 Ng8 25. Re1 b5 26. cxb5 axb5 27. Qxc8+ Rxc8+ 28. Kb1 e5 29. fxe5 dxe5 30. Rxe5 Kf8 31. Nxf5 Bf6 32. g7+ Bxg7 33. Nxg7 Kxg7 34. Re7+ Kg6 35. Rxd7 Rf8 36. Be4+ Kg5 37. f3 h5 38. Rd5+ Kh4 39. Rxb5 Nf6 40. Bxf6+ Rxf6 41. a4 Rh6 42. a5 Kg3 43. Rb6 Rh7 44. a6 Ra7 45. Bb7 h4 46. b4 h3 47. Rh6 h2 48. b5 Kg2 49. b6 Rxa6 50. Bxa6 Kxf3 51. Rxh2 1-0

[Event "November 21 Early 2023"]
[Site "https://www.chess.com"]
[Date "2023.11.21"]
[Round "6"]
[White "Khromkin, Andrey"]
[Black "Manukyan, Sargis A."]
[Result "0-1"]
[Board "104"]
[TimeControl "180+1"]
[WhiteFideId "4154126"]
[BlackFideId "13303970"]
[WhiteElo "2458"]
[BlackElo "2204"]
[WhiteTeam "RUS"]
[BlackTeam "ARM"]
[WhiteClock "0:00:44"]
[BlackClock "0:02:04"]

1. d4 d6 2. c4 Nf6 3. Nf3 g6 4. Nc3 Bg7 5. g3 O-O 6. Bg2 Nc6 7. O-O a6 8. h3 Rb8 9. e4 b5 10. e5 Nd7 11. cxb5 axb5 12. Ng5 Bb7 13. e6 f6 14. exd7 fxg5 15. Bxg5 Nxd4 16. Nd5 Qxd7 17. Bxe7 Rf5 18. Bf6 Bxd5 19. Bxd4 Bxg2 20. Kxg2 Qc6+ 21. Kh2 Rd5 22. Rc1 Qb7 23. Qg4 Rxd4 24. Qe6+ Kh8 25. Qd7 c5 26. Qe6 Qe4 0-1